 Dungeon Crawl Stone Soup version 0.17-a0-1-g1f4be75 (webtiles) character file.

1688210 hyperbart the Ruinous (level 26, 206/206 HPs)
             Began as a White Draconian Fire Elementalist on Mar 2, 2015.
             Was the Champion of Ashenzari.
             Escaped with the Orb
             ... and 3 runes on Mar 6, 2015!
             The game lasted 06:38:05 (68325 turns).

hyperbart the Ruinous (DrFE)                       Turns: 68325, Time: 06:38:05

Health: 206/206    AC: 24    Str: 12 (14) XL:     26   Next: 59%
Magic:  54/54      EV: 15    Int: 31 (33) God:    Ashenzari [******]
Gold:   1847       SH: 28    Dex:  8 (9)  Spells: 13 memorised, 10 levels left

rFire  + + .     SeeInvis +     a - staff of conjuration
rCold  + . .     Clarity  +     (armour unavailable)
rNeg   . . .     SustAb   .     D - +7 large shield {AC+3} (curse)
rPois  +         Gourm    .     E - +1 hat (curse)
rElec  .         Spirit   .     f - +2 cloak {+Inv} (curse)
rCorr  .         Warding  .     H - +2 pair of gloves of the Kraken {MP+9} (curse)
rMut   .         Stasis   .     b - +1 pair of boots of Cemeyqod {rC+ Int+3 Dex-4} (curse)
MR     ++...                    X - amulet of regeneration (curse)
Stlth  ++........               g - ring "Stoge" {rPois rF+ Int+5} (curse)
                                O - ring of fire (curse)

@: very resistant to hostile enchantments, unstealthy
A: breathe frost, unfitting armour, antennae 1, cold resistance 1, deterioration
1, high mp 1, magic resistance 1, screaming 1, strong 1, wild magic 2, no device
heal 1, cold-blooded, AC +12
a: Breathe Frost, Scrying, Transfer Knowledge, Renounce Religion, Evoke
Invisibility
0: Orb of Zot
}: 3/15 runes: serpentine, barnacled, slimy


You escaped.
You worshipped Ashenzari.
Ashenzari was exalted by your worship.
You were not hungry.

You visited 11 branches of the dungeon, and saw 61 of its levels.
You visited 1 bazaar.
You also visited: Labyrinth, Trove and Ice Cave.

You collected 7623 gold pieces.
You spent 5776 gold pieces at shops.

Inventory:

Hand weapons
 R - the +5 eveningstar of Disarray {pain, *Rage rF+ rC+ SInv}
   (You found it on level 5 of the Shoals)

   In the hands of one skilled in necromantic magic, it inflicts extra damage on
   living creatures.
   It protects you from fire.
   It protects you from cold.
   It enhances your eyesight.
   It may make you go berserk in combat.
Armour
 b - the cursed +1 pair of boots of Cemeyqod (worn) {rC+ Int+3 Dex-4}
   (You found it in a treasure trove)

   It affects your intelligence (+3).
   It affects your dexterity (-4).
   It protects you from cold.
   It has a curse placed upon it.
 f - a cursed +2 cloak of invisibility (worn)
 D - a cursed +7 large shield of protection (worn)
 E - a cursed +1 hat (worn)
 H - the cursed +2 pair of gloves of the Kraken (worn) {MP+9}
   (You found it in a treasure trove)

   It affects your magic capacity (+9).
   It has a curse placed upon it.
Magical staves
 a - an uncursed staff of conjuration (weapon)
Jewellery
 g - the cursed ring "Stoge" (right hand) {rPois rF+ Int+5}
   (You took it off a minotaur in a labyrinth)

   [ring of poison resistance]

   It affects your intelligence (+5).
   It protects you from fire.
   It protects you from poison.
   It has a curse placed upon it.
 j - an uncursed amulet of resist corrosion
 I - a cursed ring of teleportation
 K - an uncursed ring of protection from magic
 M - an uncursed ring of teleport control
 O - a cursed ring of fire (left hand)
 X - a cursed amulet of regeneration (around neck)
Magical devices
 n - a wand of teleportation (7)
 t - a wand of disintegration (11)
 S - a wand of teleportation (5)
 U - a wand of cold (4)
Scrolls
 d - a scroll of curse armour
 e - 8 scrolls of amnesia
 k - 15 scrolls of remove curse
 m - a scroll of enchant weapon
 p - 4 scrolls of fog
 q - 2 scrolls of holy word
 u - 36 scrolls of identify
 v - 6 scrolls of teleportation
 y - 13 scrolls of fear
 C - 9 scrolls of blinking
 J - 8 scrolls of recharging
 V - 4 scrolls of magic mapping
 W - 3 scrolls of summoning
Potions
 h - 14 potions of curing
 i - 3 potions of resistance
 o - 5 potions of restore abilities
 s - 10 potions of brilliance
 x - 10 potions of haste
 z - 3 potions of magic
 A - 8 potions of heal wounds
 F - 7 potions of cancellation
 Q - 4 potions of agility
Miscellaneous
 P - a phantom mirror
 Z - a phial of floods
Comestibles
 c - 23 bread rations
 l - 32 meat rations


   Skills:
 - Level 11.0 Fighting
 - Level 8.3(12.8) Dodging
 - Level 14.2(18.3) Stealth
 - Level 19.4(21.6) Shields
 - Level 21.0 Spellcasting
 - Level 22.9(26.2) Conjurations
 - Level 11.7(15.9) Summonings
 - Level 5.3(9.8) Necromancy
 - Level 5.1(9.5) Translocations
 - Level 5.9(10.4) Fire Magic
 - Level 2.3(5.8) Air Magic
 + Level 18.7(22.3) Earth Magic


You had 10 spell levels left.
You knew the following spells:

 Your Spells              Type           Power        Failure   Level  Hunger
a - Sublimation of Blood  Necr           ########..   2%          2    None
b - Conjure Flame         Conj/Fire      ########     1%          3    None
c - Sticky Flame          Conj/Fire      ########     1%          4    None
d - Fireball              Conj/Fire      #########.   1%          5    None
e - Mephitic Cloud        Conj/Pois/Air  ########     2%          3    None
f - Orb of Destruction    Conj           #########.   3%          7    ##.....
g - Spellforged Servitor  Conj/Summ      #########.   6%          7    ##.....
h - Iron Shot             Conj/Erth      #########.   1%          6    None
i - Blink                 Tloc           N/A          2%          2    None
j - Bolt of Magma         Conj/Fire/Erth #########.   1%          5    None
k - Shatter               Erth           ########..   50%         9    ######.
A - Apportation           Tloc           ########..   1%          1    None
R - Regeneration          Chrm/Necr      #######...   6%          3    None


Dungeon Overview and Level Annotations

Branches:
Dungeon (15/15)            Temple (1/1) D:4            Lair (8/8) D:10
 Shoals (5/5) Lair:5        Snake (5/5) Lair:4        Slime (6/6) Lair:6
    Orc (4/4) D:11            Elf (3/3) Orc:4        Vaults (4/5) D:14
 Depths (5/5) D:15            Zot (5/5) Depths:5
  Crypt: Vaults:2-3

Altars:
Ashenzari
Cheibriados
Elyvilon
Fedhas
Okawaru
Ru
Sif Muna
Trog
Yredelemnul
The Shining One
Beogh
Jiyva

Shops:
D:5 *   D:11 *   D:14 (   Orc:1 !   Orc:4 ?([::   Snake:5 *   Vaults:1 %
Depths:5 [

Portals:
Hell: Depths:1 Depths:2 Depths:3 Depths:4 Depths:5
Abyss: Depths:2 Depths:3 Depths:4
Pandemonium: Depths:3 Depths:4
Ziggurat: Depths:3

Annotations:
D:4 achirane's ghost, average TeAE
D:6 Spolavi's ghost, experienced DENe
Snake:1 Asterion


Innate Abilities, Weirdness & Mutations

You can breathe waves of freezing cold.
You can buffet flying creatures when you breathe cold.
Your icy white scales are hard (AC +12).
Your body does not fit into most forms of armour.
Your flesh is cold resistant.
Your cold-blooded metabolism reacts poorly to cold.
You have a pair of small antennae on your head.
Your body is slowly deteriorating.
You have an increased reservoir of magic (+10% MP).
You are resistant to hostile enchantments.
You occasionally shout uncontrollably at your foes.
Your muscles are strong. (Str +2)
Your spells are harder to cast, but more powerful.
Potions and wands are less effective at restoring your health.


Message History

You sense a powerful magical force warping space.
There is a stone staircase leading down here.
You found a teleport trap!
A white imp comes into view.
The white imp gestures at you. You block the puff of frost.
There is an escape hatch in the ceiling here.
A mysterious force pulls you upwards. The hatch slams shut behind you.
You sense a powerful magical force warping space.
Unknown command.
Magic restored.
You see here an uncursed dagger.
You see here an uncursed club.
There is a stone staircase leading down here.
A gelid demonspawn comes into view. It is wielding a halberd.
You shout at the gelid demonspawn!
The gelid demonspawn shouts!
An ice devil comes into view.
There is a staircase leading out of the dungeon here.
You have escaped!

....#.#+## #.# #.# ##
....#.#.##########.######.#
#.
....+.#.##........{....##.#
#.
....###.##.............##.#
#.
....###.##..#.#######..##.#
#.
....'...##..#.......#..##.#
#.
....###.##..#.......#.....#
#.
...####.##..#.......#..##.#
#.
##.#....##..3.6.@...#..##.#
#.
##.#.##.##..#..........##.#
##
...#.##.##..#.......#..##.#
####.##.....#.......#..##.#
####.##.##..#.......#..##.#
..##.##.##..#######.#..##.#
..##.##.##.............##.#
###.).#.##.............##.#
..+...#.######.##########.#


You could see an ice devil and a gelid demonspawn.

Vanquished Creatures
  the royal jelly (Slime:6)
  4 orbs of fire
  2 ancient liches (Zot:5)
  Sojobo (Depths:1)
  2 Killer Klowns
  Saint Roka (Shoals:4)
  A caustic shrike (Depths:3)
  A curse toe (Zot:4)
  Mara (Shoals:5)
  12 golden dragons
  A pandemonium lord (D:15)
  2 electric golems (Zot:5)
  6 tentacled monstrosities
  An Ice Fiend (D:15)
  Vashnia (Snake:4)
  17 Orb Guardians
  5 liches
  2 deep elf blademasters
  A titan (Depths:3)
  A deep elf master archer (Elf:3)
  19 acid blobs
  A sphinx (Vaults:4)
  Polyphemus (Shoals:2)
  An octopode crusher (Depths:3)
  A kraken (Shoals:1)
  14 azure jellies
  7 storm dragons
  Kirke (Elf:3)
  Frances (Shoals:5)
  5 shadow dragons
  3 tengu reavers
  3 draconian monks
  Ilsuiw (Shoals:5)
  A spellforged servitor (Vaults:4)
  3 orc warlords
  Donald (Snake:4)
  A fire giant (Depths:4)
  4 draconian scorchers
  8 frost giants
  5 greater nagas
  A draconian zealot (Zot:1)
  3 draconian knights
  13 deep elf sorcerers
  4 emperor scorpions
  A caustic shrike zombie (Depths:2)
  15 ironheart preservers
  Gastronok (Lair:2)
  A spriggan defender (Depths:4)
  10 vault wardens
  4 ghouls (Depths:2)
  11 stone giants
  3 draconian shifters
  11 very ugly things
  2 draconian annihilators (Zot:2)
  10 grey draconians
  2 green draconians (Zot:1)
  3 vampire knights
  5 black draconians
  2 purple draconians
  6 dire elephants
  10 deep elf annihilators
  3 pale draconians
  5 mottled draconians
  8 deep elf demonologists
  9 white draconians
  6 red draconians
  4 yellow draconians
  4 merfolk javelineers (Shoals:5)
  Snorg (Snake:1)
  8 death oozes (Slime:6)
  3 deep elf death magi
  12 merfolk impalers
  A crystal guardian (Depths:3)
  4 minotaurs
  9 vault guards
  9 ettins
  A blizzard demon (D:5)
  11 fire dragons
  6 great orbs of eyes
  15 yaktaur captains
  4 death cobs
  5 deep elf high priests
  7 hydras
  7 rakshasas
  Fannar (Lair:4)
  15 naga warriors
  12 centaur warriors
  12 ice dragons
  Nessos (D:12)
  3 merfolk avatars (Shoals:5)
  A monstrous demonspawn (Zot:4)
  4 spriggan air magi
  Erica (Lair:4)
  13 ogre magi
  4 satyrs
  9 deep troll earth magi
  An alligator snapping turtle (Shoals:4)
  10 anacondas
  An alligator (Depths:3)
  A vampire mage (Vaults:2)
  5 merfolk aquamancers
  6 deep troll shamans
  4 orc high priests
  11 death yaks
  A titan zombie (Depths:2)
  A tengu warrior (Depths:2)
  8 shock serpents
  5 catoblepae
  A spriggan berserker (Depths:5)
  18 naga sharpshooters
  A hell knight (Depths:3)
  Nergalle (D:10)
  5 salamander mystics
  17 deep elf knights
  3 iron trolls
  A fire crab (shapeshifter) (Vaults:2)
  5 unseen horrors
  A fire crab (Vaults:2)
  16 sea snakes
  4 hell beasts
  5 skeletal warriors
  24 deep trolls
  A flayed ghost (Vaults:2)
  An unseen horror (shapeshifter) (Depths:4)
  2 shadow wraiths
  Erolcha (D:12)
  7 deep elf summoners
  2 ice devils
  6 hill giants
  3 ice statues (IceCv)
  4 giant orange brains
  9 ironbrand convokers
  A hill giant (shapeshifter) (Vaults:3)
  A shadow dragon zombie (Depths:2)
  5 lindwurms
  6 naga ritualists
  33 ugly things
  A wizard (D:15)
  19 orc knights
  8 griffons
  3 phantasmal warriors
  17 salamanders
  19 deep elf conjurers
  5 necromancers
  19 manticores
  5 large abominations
  An iron dragon zombie (Depths:2)
  5 wolf spiders
  A fire giant zombie (Depths:2)
  3 shining eyes
  An octopode zombie (Depths:3)
  14 cyclopes
  A frost giant zombie (Depths:3)
  2 tengu skeletons (Depths:2)
  9 orc sorcerers
  25 harpies
  A human zombie (Vaults:4)
  12 guardian serpents
  13 fauns
  13 mana vipers
  5 hornets
  2 frost giant skeletons (Depths:2)
  6 water nymphs
  A spriggan zombie (Depths:2)
  17 moths of wrath
  2 fire giant skeletons (Vaults:4)
  A stone giant skeleton (Depths:2)
  32 elephants
  42 black mambas
  5 vault sentinels
  A torpor snail (Lair:3)
  21 naga magi
  3 spiny frogs (shapeshifter)
  3 gargoyles
  8 sirens
  2 kobold demonologists
  An orange crystal statue (Depths:1)
  A dire elephant skeleton (Depths:2)
  A grey draconian zombie (Zot:1)
  6 centaur skeletons
  Psyche (D:8)
  3 eyes of devastation
  A green draconian zombie (Zot:1)
  12 komodo dragons
  3 spriggan skeletons (Depths:2)
  13 spiny frogs
  2 elf zombies
  15 deep elf priests
  A jumping spider (shapeshifter) (Depths:5)
  3 tengu conjurers
  A fire drake (Lair:5)
  A guardian mummy (Elf:1)
  2 hellwings
  3 blue devils
  A queen bee (D:12)
  11 polar bears
  53 yaktaurs
  31 merfolk
  A wind drake (shapeshifter) (Vaults:1)
  A merfolk (shapeshifter) (Depths:4)
  An ettin zombie (Vaults:4)
  57 slime creatures
  4 freezing wraiths
  A raiju (shapeshifter) (Vaults:4)
  16 blink frogs
  5 wind drakes
  7 trolls
  4 boulder beetles
  9 ravens
  6 snapping turtles
  14 two-headed ogres
  2 flying skulls (Depths:2)
  A trapdoor spider (Lab)
  4 redbacks
  4 air elementals
  4 wraiths
  4 wyverns
  2 redbacks (shapeshifter)
  2 spriggans
  A shadow (Depths:3)
  3 basilisks
  23 deep elf magi
  5 hogs (Elf:3)
  6 vampires
  3 hungry ghosts
  9 hippogriffs
  A fire elemental (Depths:1)
  2 hogs (shapeshifter)
  4 humans (Elf:3)
  8 water elementals
  2 hippogriffs (shapeshifter)
  A chaos spawn (Depths:4)
  A neqoxec (Orc:4)
  39 yaks
  A human (shapeshifter) (Elf:2)
  8 golden eyes
  A warg (shapeshifter) (Vaults:2)
  12 wargs
  35 deep elf fighters
  A harpy simulacrum (Depths:3)
  23 wolves
  Menkaure (D:5)
  A soldier ant (D:13)
  9 vampire mosquitoes
  75 nagas
  5 porcupines
  2 hell hounds
  23 water moccasins
  6 spiders (Depths:4)
  7 eyes of draining
  11 ice beasts
  6 sky beasts
  40 ogres
  53 orc warriors
  3 black bears
  13 boggarts
  2 boggarts (shapeshifter)
  3 wasps
  2 boring beetles
  14 crocodiles
  Duvessa (D:5)
  2 big kobolds
  19 centaurs
  A lost soul (Elf:1)
  15 giant frogs
  A brain worm (D:12)
  2 yaktaur zombies (Vaults:4)
  A gnoll sergeant (D:6)
  2 scorpions
  A water moccasin skeleton (D:5)
  A yak skeleton (Orc:4)
  26 killer bees
  3 quasits
  10 wights
  A human simulacrum (Vaults:3)
  2 giant frog zombies
  7 crimson imps
  3 centaur zombies
  2 electric eels (Lair:8)
  Dowan (D:5)
  35 orc priests
  2 goliath beetles
  2 two-headed ogre zombies
  2 lava snakes (Lair:7)
  12 hounds
  17 jellies
  3 giant frog skeletons
  39 orc wizards
  4 hell rats (Elf:3)
  5 iguanas
  5 worker ants
  37 sheep
  2 ogre zombies (Vaults:4)
  2 hound skeletons
  3 gnolls (D:6)
  3 shadow imps
  28 adders
  2 giant mites
  61 river rats
  A giant eyeball (Depths:3)
  2 worms (D:3)
  2 adder zombies
  4 orc zombies (Orc:4)
  5 adder skeletons
  5 giant geckos
  2 oozes
  228 orcs
  15 bats
  22 goblins
  26 hobgoblins
  16 jackals
  29 kobolds
  9 quokkas
  A ball python (D:3)
  3 giant cockroaches
  2 giant newts
  6 giant spores
  An orc skeleton (Orc:4)
  18 rats
  7 rat skeletons (Orc:4)
  19 ballistomycetes
  A bush (D:14)
  3 fungi
  16 plants
  4 tentacles (Shoals:1)
2658 creatures vanquished.

Vanquished Creatures (collateral kills)
  An orb of fire (Zot:5)
  An electric golem (Zot:5)
  Nikola (Snake:4)
  3 Orb Guardians (Zot:5)
  An acid blob (Slime:6)
  2 shadow dragons
  2 spellforged servitors
  A frost giant (Depths:3)
  An iron dragon (Depths:4)
  3 greater nagas (Snake:5)
  Aizul (Lair:4)
  An emperor scorpion (Depths:5)
  3 vault wardens
  8 very ugly things
  9 ironheart preservers
  2 stone giants
  A green draconian (Depths:5)
  A purple draconian (Zot:1)
  A mottled draconian (Zot:1)
  2 vault guards (Vaults:4)
  An ettin (Depths:4)
  A merfolk javelineer (Shoals:2)
  A deep elf death mage (Vaults:3)
  A fire dragon (Depths:5)
  2 yaktaur captains
  A great orb of eyes (Vaults:3)
  4 naga warriors
  3 anacondas
  2 ogre magi
  A centaur warrior (Vaults:4)
  2 deep troll earth magi
  2 death yaks (Shoals:2)
  2 deep troll shamans (Depths:4)
  7 naga sharpshooters
  A salamander mystic (Snake:4)
  2 shock serpents
  A deep elf knight (Elf:1)
  5 sea snakes
  An ironbrand convoker (Vaults:4)
  10 deep trolls
  4 naga ritualists
  7 harpies
  3 giant orange brains
  2 orc sorcerers
  5 fauns
  A necromancer (Depths:3)
  A fire giant zombie (Depths:2)
  2 orc knights
  7 ugly things
  A hornet (Vaults:2)
  A mana viper (Snake:4)
  A frost giant zombie (Vaults:4)
  A deep elf conjurer (Vaults:4)
  2 cyclopes
  A phantasmal warrior (Depths:2)
  4 salamanders
  A moth of wrath (Zot:5)
  2 guardian serpents
  2 sirens
  An eye of devastation (shapeshifter) (Vaults:3)
  3 black mambas (Snake:4)
  2 vault sentinels
  6 naga magi
  14 yaktaurs
  A storm dragon simulacrum (Vaults:3)
  5 deep elf priests
  A troll (Shoals:4)
  4 merfolk
  8 two-headed ogres
  A freezing wraith (Vaults:4)
  A troll (shapeshifter) (Vaults:3)
  A boulder beetle (Vaults:1)
  2 snapping turtles
  2 air elementals (Depths:4)
  4 deep elf magi
  3 water elementals
  3 deep elf fighters
  A vampire mosquito (Vaults:3)
  A hippogriff (Shoals:1)
  25 nagas
  2 wargs
  2 spiders (Depths:4)
  4 orc warriors
  15 ogres
  5 centaurs (Vaults:4)
  A killer bee (D:12)
  An orc priest (Shoals:4)
  3 sheep (Shoals:1)
  12 orcs
  A plant (Shoals:1)
278 creatures vanquished.

Vanquished Creatures (others)
  An ancient lich (Zot:5)
  13 spellforged servitors
  2 ugly things
  A salamander (Snake:3)
  A black mamba (Snake:4)
  A yaktaur (Depths:5)
  A water elemental (Depths:3)
  A naga (Snake:5)
  A lost soul (Elf:1)
  A killer bee (D:12)
  An orc priest (Orc:4)
  An orc (Orc:4)
  A giant spore (D:10)
  A rat skeleton (Orc:4)
  6 fungi
  6 plants
  A tentacle (Shoals:1)
  30 tentacle segments (Shoals:1)
70 creatures vanquished.

Grand Total: 3006 creatures vanquished

Notes
Turn   | Place    | Note
--------------------------------------------------------------
     0 | D:1      | hyperbart, the Draconian Fire Elementalist, began the quest for the Orb.
     0 | D:1      | Reached XP level 1. HP: 14/14 MP: 3/3
   300 | D:1      | Reached XP level 2. HP: 20/20 MP: 1/4
   667 | D:2      | Reached XP level 3. HP: 24/26 MP: 0/6
  1198 | D:3      | Learned a level 3 spell: Conjure Flame
  1407 | D:3      | Found an iron altar of Okawaru.
  1524 | D:3      | Reached skill level 4 in Conjurations
  1524 | D:3      | Reached XP level 4. HP: 25/33 MP: 1/7
  1586 | D:3      | You fall through a shaft for 3 floors!
  1881 | D:5      | Entered Level 5 of the Dungeon
  1912 | D:5      | Noticed Menkaure
  2005 | D:3      | Reached XP level 5. HP: 38/38 MP: 7/9
  2014 | D:3      | Learned a level 4 spell: Sticky Flame
  2078 | D:3      | Reached skill level 5 in Conjurations
  2762 | D:4      | Reached skill level 6 in Conjurations
  2762 | D:4      | Reached XP level 6. HP: 23/45 MP: 4/10
  3027 | D:4      | Found a staircase to the Ecumenical Temple.
  3069 | Temple   | Entered the Ecumenical Temple
  3078 | Temple   | Became a worshipper of Ashenzari the Shackled
  3117 | D:4      | Found a sacrificial altar of Ru.
  3149 | D:4      | Reached skill level 1 in Shields
  3244 | D:4      | Noticed achirane's ghost (average TeAE)
  3271 | D:5      | Noticed a sky beast
  3305 | D:5      | Killed a sky beast
  3305 | D:5      | Your scales start taking on an icy white colour.
  3305 | D:5      | Gained mutation: Your flesh is cold resistant. [draconian maturity]
  3305 | D:5      | Reached XP level 7. HP: 10/50 MP: 0/12
  3433 | D:5      | Gained mutation: Your mind is acute. (Int +2) [mutagenic meat]
  3434 | D:5      | Gained mutation: Your body is slowly deteriorating. [mutagenic meat]
  3435 | D:5      | Gained mutation: You have a pair of small antennae on your head. [mutagenic meat]
  3552 | D:5      | Noticed an ogre
  3571 | D:5      | Killed an ogre
  3666 | D:5      | Found Strykiaxt's Assorted Antiques.
  4003 | D:5      | Found a basalt altar of Yredelemnul.
  4213 | D:6      | Noticed a giant frog
  4220 | D:6      | Killed a giant frog
  4220 | D:6      | Reached skill level 5 in Shields
  4637 | D:6      | Reached skill level 7 in Conjurations
  4693 | D:6      | Noticed an ogre
  4700 | D:6      | Killed an ogre
  4813 | D:6      | Found a glowing golden altar of the Shining One.
  4844 | D:6      | Noticed a giant frog
  4849 | D:6      | Killed a giant frog
  4849 | D:6      | Reached XP level 8. HP: 57/57 MP: 13/13
  4919 | D:6      | Noticed an ice beast
  4927 | D:6      | Killed an ice beast
  4979 | D:6      | Reached skill level 8 in Conjurations
  5017 | D:6      | Noticed a black bear
  5026 | D:6      | Killed a black bear
  5257 | D:7      | Found a bloodstained altar of Trog.
  5643 | D:7      | Reached skill level 5 in Fire Magic
  5710 | D:8      | Reached XP level 9. HP: 36/62 MP: 9/15
  6046 | D:8      | Noticed Psyche
  6096 | D:8      | Acquired Ashenzari's first power
  6153 | D:8      | Reached skill level 9 in Conjurations
  6754 | D:8      | Reached skill level 10 in Conjurations
  6895 | D:9      | Found a snail-covered altar of Cheibriados.
  7339 | D:9      | Acquired Ashenzari's second power
  7497 | D:9      | Reached skill level 11 in Conjurations
  7570 | D:9      | Reached skill level 1 in Fighting
  7807 | D:9      | Reached XP level 10. HP: 73/73 MP: 14/18
  8095 | D:5      | Noticed Dowan
  8099 | D:5      | Killed Dowan
  8101 | D:5      | Noticed Duvessa
  8104 | D:5      | Killed Duvessa
  8106 | D:5      | Bought a papyrus book for 480 gold pieces
  8110 | D:5      | Learned a level 3 spell: Mephitic Cloud
  8291 | D:6      | Noticed Spolavi's ghost (experienced DENe)
  8311 | D:5      | Killed Menkaure
  8383 | D:8      | Killed Psyche
  8472 | D:10     | Entered Level 10 of the Dungeon
  8640 | D:10     | Noticed a hill giant
  8661 | D:10     | Killed a hill giant
  8682 | D:10     | Reached skill level 5 in Fighting
  8795 | D:10     | Found a staircase to the Lair.
  8830 | D:10     | Reached skill level 5 in Spellcasting
  9374 | D:10     | Noticed Nergalle
  9718 | D:11     | Noticed an eight-headed hydra
  9866 | D:9      | Reached skill level 14 in Conjurations
  9866 | D:9      | Reached XP level 11. HP: 89/89 MP: 25/25
  9867 | D:9      | Gained mutation: Your spells are a little harder to cast, but a little more powerful. [potion of beneficial mutation]
  9874 | D:9      | Learned a level 5 spell: Fireball
  9922 | D:11     | Reached XP level 12. HP: 89/96 MP: 16/25
  9947 | D:11     | Noticed a red ugly thing
  9983 | D:11     | Noticed a green ugly thing
 10036 | Lair:1   | Entered Level 1 of the Lair of Beasts
 10970 | Lair:1   | Reached skill level 15 in Conjurations
 11160 | Lair:1   | Acquired Ashenzari's third power
 11376 | Lair:2   | Noticed Gastronok
 11417 | Lair:2   | Killed Gastronok
 11534 | Lair:2   | Reached skill level 5 in Dodging
 12327 | Lair:3   | Reached skill level 5 in Stealth
 12481 | Lair:3   | Noticed a six-headed hydra
 12510 | Lair:3   | Killed a six-headed hydra
 13017 | Lair:3   | Reached XP level 13. HP: 85/102 MP: 26/26
 13175 | Lair:3   | Noticed an eight-headed hydra
 13178 | Lair:3   | Killed an eight-headed hydra
 13272 | Lair:4   | Noticed Fannar
 13374 | Lair:4   | Killed Fannar
 13440 | Lair:4   | Reached skill level 16 in Conjurations
 13826 | Lair:4   | Acquired Ashenzari's fourth power
 13999 | Lair:4   | Noticed Erica
 14022 | Lair:4   | Killed Erica
 14208 | Lair:4   | Found a staircase to the Snake Pit.
 14337 | Lair:5   | Found a staircase to the Shoals.
 14436 | Lair:5   | Reached skill level 17 in Conjurations
 15549 | Lair:6   | Gained mutation: Your muscles are strong. (Str +2) [potion of beneficial mutation]
 15777 | Lair:6   | Found a staircase to the Slime Pits.
 15777 | Lair:6   | Found a viscous altar of Jiyva.
 15870 | Lair:6   | Reached skill level 18 in Conjurations
 16009 | Lair:6   | Learned a level 7 spell: Orb of Destruction
 16053 | Lair:7   | Noticed a dire elephant
 16634 | Lair:7   | Gained mutation: You are resistant to hostile enchantments. [potion of beneficial mutation]
 16670 | Lair:7   | Reached XP level 14. HP: 89/110 MP: 22/28
 17329 | Lair:7   | Killed a dire elephant
 17844 | Lair:7   | Noticed a dire elephant
 17867 | Lair:7   | Killed a dire elephant
 17960 | Lair:8   | Entered Level 8 of the Lair of Beasts
 19655 | D:10     | Killed Nergalle
 19823 | D:10     | Killed a green ugly thing
 19994 | D:11     | Noticed an orc knight
 20008 | D:11     | Killed an orc knight
 20025 | D:11     | Found a roughly hewn altar of Beogh.
 20039 | D:11     | Noticed an unseen horror
 20043 | D:11     | Killed an unseen horror
 20127 | D:11     | Found a staircase to the Orcish Mines.
 20286 | D:11     | Killed an eight-headed hydra
 20390 | D:11     | Found Klaoxt's Demolitions Depot.
 20398 | D:11     | Killed a red ugly thing
 20398 | D:11     | Reached XP level 15. HP: 86/123 MP: 22/32
 20749 | Orc:1    | Entered Level 1 of the Orcish Mines
 21537 | Orc:2    | Found a roughly hewn altar of Beogh.
 21723 | Orc:1    | Found Meci's Distillery.
 21773 | Orc:1    | Bought a potion of haste for 150 gold pieces
 21773 | Orc:1    | Bought a potion of beneficial mutation for 525 gold pieces
 21773 | Orc:1    | Gained mutation: You have an increased reservoir of magic (+10% MP). [potion of beneficial mutation]
 22608 | Orc:4    | Entered Level 4 of the Orcish Mines
 22671 | Orc:4    | Found a bloodstained altar of Trog.
 23333 | Orc:4    | Found a staircase to the Elven Halls.
 23413 | Orc:4    | Found Ragus' Book Boutique.
 24040 | Orc:4    | Reached skill level 19 in Conjurations
 24088 | Orc:4    | Found Kloek's Book Shoppe.
 24269 | Orc:4    | Found Pnonoxem's Magic Scroll Shop.
 24270 | Orc:4    | Found Shrus' Antique Armour Shoppe.
 24271 | Orc:4    | Found Etuzyisag's Antique Weapon Shop.
 24284 | Orc:4    | Bought a scroll of blinking for 75 gold pieces
 24474 | D:12     | Noticed Erolcha
 24478 | D:12     | Killed Erolcha
 24897 | D:12     | Noticed Nessos
 24901 | D:12     | Killed Nessos
 25435 | D:13     | Found a labyrinth entrance.
 25443 | Lab      | Entered a labyrinth
 25751 | Lab      | Identified the ring "Stoge" {rPois rF+ Int+5} (You took it off a minotaur in a labyrinth)
 25751 | Lab      | Identified the +2 arbalest of Psychosis {velocity, SInv} (You took it off a minotaur in a labyrinth)
 25751 | Lab      | Identified the +9 mace of Xomyis {crush, *Rage rPois MR+ Str+9} (You took it off a minotaur in a labyrinth)
 26483 | Orc:4    | Bought a pair of runed gloves for 144 gold pieces
 27099 | D:14     | Reached skill level 20 in Conjurations
 27136 | D:14     | Found Veafoush's Weapon Emporium.
 27161 | D:14     | Identified a scroll of acquirement
 27217 | D:14     | Found a gate to the Vaults.
 27386 | D:15     | Entered Level 15 of the Dungeon
 27469 | D:15     | Found a frozen archway.
 27526 | IceCv    | Entered an ice cave
 27548 | IceCv    | Reached skill level 10 in Spellcasting
 27680 | IceCv    | Learned a level 1 spell: Apportation
 27788 | D:15     | Reached XP level 16. HP: 130/130 MP: 25/36
 28225 | D:15     | Found a staircase to the Depths.
 28489 | Snake:1  | Entered Level 1 of the Snake Pit
 28672 | Snake:1  | Noticed Aizul
 29545 | Snake:1  | Noticed Snorg
 29549 | Snake:1  | Killed Snorg
 30234 | Snake:2  | Found a deep blue altar of Sif Muna.
 31252 | Snake:3  | Learned a level 7 spell: Spellforged Servitor
 31313 | Snake:3  | Reached skill level 1 in Summonings
 31928 | Snake:3  | Reached XP level 17. HP: 110/136 MP: 33/40
 32160 | Snake:4  | Reached skill level 5 in Summonings
 32161 | Snake:4  | Noticed Nikola
 32166 | Snake:4  | Found a basalt altar of Yredelemnul.
 32168 | Snake:4  | Noticed Donald
 32169 | Snake:4  | Killed Donald
 32170 | Snake:4  | Killed Nikola
 32416 | Snake:4  | Noticed Vashnia
 33427 | Snake:4  | Killed Vashnia
 33427 | Snake:4  | Reached skill level 15 in Spellcasting
 33982 | Snake:5  | Entered Level 5 of the Snake Pit
 34486 | Snake:5  | Found Peyn's General Store.
 35195 | Snake:5  | Reached XP level 18. HP: 102/144 MP: 14/44
 35768 | Snake:5  | Got a serpentine rune of Zot
 35993 | Snake:1  | Noticed Asterion
 36140 | Lair:4   | Killed Aizul
 36283 | Lair:3   | Upgraded the game from 0.16-a0-4127-g24fbb24 to 0.17-a0-1-g1f4be75
 36359 | Shoals:1 | Entered Level 1 of the Shoals
 36629 | Shoals:1 | Reached skill level 10 in Fighting
 37354 | Shoals:2 | Noticed Polyphemus
 37471 | Shoals:2 | Killed Polyphemus
 38336 | Shoals:3 | Reached skill level 10 in Shields
 39026 | Shoals:4 | Noticed Saint Roka
 39042 | Shoals:4 | Killed Saint Roka
 39174 | Shoals:4 | Reached XP level 19. HP: 140/157 MP: 22/45
 39198 | Shoals:5 | Entered Level 5 of the Shoals
 39704 | Shoals:5 | Identified the cursed ring of Wonder {rPois EV-3 Dex+2}
 39998 | Shoals:5 | Got the eveningstar of Disarray {pain, *Rage rF+ rC+ SInv}
 39999 | Shoals:5 | Identified the +5 eveningstar of Disarray {pain, *Rage rF+ rC+ SInv} (You found it on level 5 of the Shoals)
 40014 | Shoals:5 | Noticed Frances
 40018 | Shoals:5 | Killed Frances
 40127 | Shoals:5 | Noticed Ilsuiw
 40315 | Shoals:5 | Noticed Mara
 40564 | Shoals:5 | Got a barnacled rune of Zot
 40645 | Shoals:5 | Killed Mara
 40997 | Shoals:5 | Gained mutation: Your spells are harder to cast, but more powerful. [potion of beneficial mutation]
 41121 | Shoals:5 | Killed Ilsuiw
 41529 | Vaults:1 | Entered Level 1 of the Vaults
 42377 | Vaults:1 | Found Mittuapoiw's Food Boutique.
 42986 | Vaults:1 | Reached XP level 20. HP: 159/165 MP: 38/45
 43604 | Vaults:2 | Reached skill level 21 in Conjurations
 43962 | Vaults:2 | Reached skill level 10 in Summonings
 44931 | Vaults:2 | Learned a level 6 spell: Iron Shot
 46780 | Vaults:4 | Reached skill level 22 in Conjurations
 46834 | Vaults:4 | Reached skill level 1 in Earth Magic
 47205 | Vaults:4 | Reached skill level 5 in Earth Magic
 47279 | Vaults:4 | Learned a level 2 spell: Blink
 47313 | Vaults:4 | Reached XP level 21. HP: 171/171 MP: 34/46
 47332 | Vaults:4 | Reached skill level 1 in Air Magic
 47840 | Vaults:4 | Reached skill level 5 in Air Magic
 48198 | Vaults:4 | Reached skill level 1 in Translocations
 48331 | Vaults:4 | Reduced skill Air Magic to level 5
 48782 | Depths:1 | Entered Level 1 of the Depths
 49015 | Depths:1 | Found a gateway to Hell.
 49267 | Depths:1 | Reached skill level 5 in Translocations
 49891 | Depths:1 | Noticed Sojobo
 49896 | Depths:1 | Killed Sojobo
 51123 | Depths:2 | Found a one-way gate to the infinite horrors of the Abyss.
 52350 | Depths:2 | Reached XP level 22. HP: 179/179 MP: 37/47
 53188 | Depths:3 | Found a gateway to a ziggurat.
 53188 | Depths:3 | Found a one-way gate leading to the halls of Pandemonium.
 54127 | Depths:3 | Identified the ring of Ciumuzar {+Fly Str+6}
 54480 | Depths:3 | Noticed a caustic shrike
 54485 | Depths:3 | Killed a caustic shrike
 54713 | Depths:3 | Got the cursed storm dragon armour "Jeuge" {Contam rElec rC++ rCorr SInv}
 54714 | Depths:3 | Identified the cursed -12 storm dragon armour "Jeuge" {Contam rElec rC++ rCorr SInv} (You found it on level 3 of the Depths)
 55481 | Depths:3 | Reached skill level 10 in Earth Magic
 56058 | Depths:3 | Identified the cursed -4 pair of boots "Konuisha" {rPois rF- MR- MP-9 Stlth+} (You acquired it on level 3 of the Depths)
 57006 | Depths:4 | Reached XP level 23. HP: 148/185 MP: 38/49
 57861 | Depths:5 | Entered Level 5 of the Depths
 58647 | Depths:5 | Found Twaebe Grirch's Armour Shoppe.
 59540 | Depths:5 | Found a gate to the Realm of Zot.
 59911 | Orc:1    | Bought a potion of haste for 150 gold pieces
 59995 | Orc:4    | Bought a book of Alchemy for 1050 gold pieces
 59998 | Orc:4    | Learned a level 2 spell: Sublimation of Blood
 60027 | Orc:4    | Bought a book of Battle for 600 gold pieces
 60027 | Orc:4    | Bought a manual of Stealth for 1656 gold pieces
 60031 | Orc:4    | Learned a level 3 spell: Regeneration
 60053 | Elf:1    | Entered Level 1 of the Elven Halls
 60105 | Elf:1    | Reached skill level 1 in Necromancy
 60184 | Elf:1    | Identified the Compendium of Darkness
 60437 | Elf:1    | Found a portal to a secret trove of treasure.
 61458 | Elf:1    | You paid a toll of 2 potions of cure mutation to enter a treasure trove
 61459 | Trove    | Entered a treasure trove
 61462 | Trove    | Identified the +2 buckler "Steghyso" {+Fly rElec MP-9 Str+5 Dex-3}
 61462 | Trove    | Identified the cursed +2 pair of gloves of the Kraken {MP+9}
 61462 | Trove    | Identified a cursed +2 pair of boots of running
 61468 | Trove    | Identified the +2 pair of boots of Chimes {MR- Int+5}
 61474 | Trove    | Identified a cursed +1 pair of boots of running
 61475 | Trove    | Identified a cursed +1 pair of boots of running
 61478 | Trove    | Identified the cursed +1 pair of boots of Cemeyqod {rC+ Int+3 Dex-4}
 61750 | Elf:3    | Entered Level 3 of the Elven Halls
 61849 | Elf:3    | Found a flickering gateway to a bazaar.
 61876 | Bazaar   | Entered a bazaar
 61876 | Bazaar   | Found Loyrox's Armour Shop.
 61904 | Bazaar   | Found Lioph's General Store.
 61912 | Bazaar   | Found Ugaidgh's Distillery.
 61926 | Bazaar   | Found Linenk's Magic Scroll Shop.
 61930 | Bazaar   | Bought a scroll of blinking for 97 gold pieces
 61930 | Bazaar   | Bought 2 scrolls of blinking for 195 gold pieces
 61930 | Bazaar   | Bought a scroll of summoning for 123 gold pieces
 61930 | Bazaar   | Bought a scroll of summoning for 123 gold pieces
 61940 | Bazaar   | Bought a potion of heal wounds for 60 gold pieces
 61940 | Bazaar   | Bought a potion of brilliance for 48 gold pieces
 61940 | Bazaar   | Bought a potion of brilliance for 48 gold pieces
 61940 | Bazaar   | Bought a potion of restore abilities for 60 gold pieces
 61940 | Bazaar   | Bought a potion of haste for 120 gold pieces
 61940 | Bazaar   | Bought a potion of curing for 36 gold pieces
 61940 | Bazaar   | Bought a potion of curing for 36 gold pieces
 62031 | Elf:3    | Noticed Kirke
 62035 | Elf:3    | Killed Kirke
 62282 | Elf:3    | Reached skill level 5 in Necromancy
 62326 | Elf:3    | Reached XP level 24. HP: 192/192 MP: 25/49
 62410 | Elf:3    | Reached skill level 10 in Stealth
 62419 | Elf:3    | Identified the ring "Fiabb" {Dex+4 SInv} (You took it off a deep elf priest on level 3 of the Elven Halls)
 63124 | Slime:1  | Entered Level 1 of the Pits of Slime
 63124 | Slime:1  | Found a viscous altar of Jiyva.
 63301 | Slime:3  | Reached skill level 15 in Shields
 63539 | Slime:6  | Entered Level 6 of the Pits of Slime
 63593 | Slime:6  | Noticed the royal jelly
 63913 | Slime:6  | Killed the royal jelly
 63962 | Slime:6  | Identified a ring of the Octopus King {AC+1 EV+1 Str+1 Int+1 Dex+1 Stlth+}
 64003 | Slime:6  | Got a slimy rune of Zot
 64589 | Zot:1    | Entered Level 1 of the Realm of Zot
 64969 | Zot:1    | Noticed an orb of fire
 64990 | Zot:1    | Killed an orb of fire
 64990 | Zot:1    | Reached XP level 25. HP: 158/199 MP: 15/50
 65962 | Zot:3    | Learned a level 5 spell: Bolt of Magma
 65972 | Zot:3    | Learned a level 9 spell: Shatter
 66172 | Zot:3    | Reached skill level 15 in Earth Magic
 66843 | Zot:5    | Entered Level 5 of the Realm of Zot
 66895 | Zot:5    | Gained mutation: You are agile. (Dex +2) [potion of beneficial mutation]
 67164 | Zot:5    | Noticed an ancient lich
 67164 | Zot:5    | Noticed an ancient lich
 67168 | Zot:5    | Noticed an ancient lich
 67168 | Zot:5    | Noticed an orb of fire
 67171 | Zot:5    | Noticed an ancient lich
 67184 | Zot:5    | Killed an ancient lich
 67202 | Zot:5    | Killed an ancient lich
 67202 | Zot:5    | Reached XP level 26. HP: 206/206 MP: 47/50
 67294 | Zot:5    | Noticed an orb of fire
 67294 | Zot:5    | Gained mutation: You occasionally shout uncontrollably at your foes. [an orb of fire]
 67298 | Zot:5    | Killed an orb of fire
 67408 | Zot:5    | Killed an ancient lich
 67446 | Zot:5    | Killed an orb of fire
 67485 | Zot:5    | Noticed an orb of fire
 67486 | Zot:5    | Gained mutation: Potions and wands are less effective at restoring your health. [an orb of fire]
 67490 | Zot:5    | Lost mutation: Your mind is acute. (Int +2) [an orb of fire]
 67492 | Zot:5    | Killed an orb of fire
 67515 | Zot:5    | Noticed an orb of fire
 67521 | Zot:5    | Lost mutation: You are agile. (Dex +2) [an orb of fire]
 67523 | Zot:5    | Killed an orb of fire
 67657 | Zot:5    | Got the Orb of Zot
 67913 | D:15     | Noticed Kopleof the pandemonium lord
 67918 | D:15     | Killed Kopleof the pandemonium lord
 68325 | D:$      | Escaped with the Orb!

Action                   |  1- 3 |  4- 6 |  7- 9 | 10-12 | 13-15 | 16-18 | 19-21 | 22-24 | 25-27 || total
-------------------------+-------+-------+-------+-------+-------+-------+-------+-------+-------++-------
Melee: Dagger            |    46 |   116 |   269 |   514 |  1449 |       |       |       |       ||  2394
       Mace              |       |       |       |       |    94 |   389 |   186 |       |       ||   669
       Staff             |       |       |       |       |     2 |    68 |   190 |    65 |     9 ||   334
Throw: Stone             |     5 |       |       |       |       |       |       |       |       ||     5
 Cast: Flame Tongue      |    58 |    52 |    68 |   104 |    28 |     2 |       |       |       ||   312
       Conjure Flame     |       |     2 |    17 |    33 |    68 |    19 |    40 |     3 |       ||   182
       Sticky Flame      |       |     4 |    30 |    70 |   199 |   103 |   104 |    44 |     3 ||   557
       Fireball          |       |       |       |     5 |   145 |   185 |   231 |   413 |   111 ||  1090
       Orb of Destructio |       |       |       |       |     9 |   105 |   140 |    65 |    21 ||   340
       Mephitic Cloud    |       |       |       |       |     7 |     5 |       |       |       ||    12
       Spellforged Servi |       |       |       |       |       |    33 |    32 |    19 |    11 ||    95
       Apportation       |       |       |       |       |       |       |     6 |     2 |    18 ||    26
       Iron Shot         |       |       |       |       |       |       |    27 |   100 |    96 ||   223
       Blink             |       |       |       |       |       |       |       |     4 |     3 ||     7
       Sublimation of Bl |       |       |       |       |       |       |       |    89 |    80 ||   169
       Regeneration      |       |       |       |       |       |       |       |    36 |    35 ||    71
Invok: Transfer Knowledg |       |       |       |       |       |       |     1 |       |       ||     1
       Scrying           |       |       |       |       |       |       |       |       |     1 ||     1
 Abil: Breathe Frost     |       |       |     1 |     4 |     7 |     1 |       |       |       ||    13
Evoke: Wand              |       |       |       |     3 |     3 |       |     3 |    20 |       ||    29
       Phial of floods   |       |       |       |       |       |       |       |     1 |       ||     1
  Use: Scroll            |       |     4 |     4 |    12 |    15 |     8 |     6 |    17 |     2 ||    68
       Potion            |       |     2 |       |     7 |     5 |     2 |     4 |     4 |     3 ||    27
 Stab: Sleeping          |     1 |       |     2 |     5 |    21 |     3 |     2 |       |       ||    34
       Petrified         |       |       |       |       |     1 |       |       |       |       ||     1
       Confused          |       |       |       |       |     8 |     4 |       |       |       ||    12
       Distracted        |       |       |       |       |       |     2 |       |       |       ||     2
  Eat: Chunk             |     3 |     7 |    25 |    26 |    90 |    67 |    63 |    34 |     2 ||   317
       Beef jerky        |       |       |     1 |       |     2 |     1 |     1 |     2 |     1 ||     8
       Royal jelly       |       |       |     1 |       |       |       |       |       |     1 ||     2
       Pizza             |       |       |       |     2 |     1 |     6 |     3 |     2 |       ||    14
       Meat ration       |       |       |       |       |       |     2 |     1 |     1 |     2 ||     6
       Bread ration      |       |       |       |       |       |       |     3 |     4 |       ||     7
       Fruit             |       |       |       |       |       |       |       |     3 |     3 ||     6

Vault maps used:
D:1:      lemuel_arrival_room
D:2:      small_statue_intersection, hex_tiny
D:3:      okawaru_ov_weapons_minmay
D:4:      grunt_temple_overflow_lords_of_destruction,
          nicolae_ru_great_annihilating_truth
D:5:      kennysheep_mini, first_bread, serial_shops, nicolae_shop_trees,
          minmay_tree_intersection, hangedman_abyss_or_decor_lesser_grid,
          uniq_duvessa, uniq_menkaure
D:6:      nicolae_tso_carved_into_rock
D:7:      overflow_temple_1_default
D:8:      the_bakery, uniq_psyche
D:9:      basic_altar
D:10:     lair_0_dummy, uniq_nergalle
D:11:     david_orc_5, nicolae_blasting_shop
D:12:     special_room, uniq_erolcha, uniq_nessos
D:13:     lab_entry_generic
D:14:     lightli_vaults_fourway_checkpoint, serial_park_square3, serial_shops,
          shop
D:15:     grunt_enter_depths_magical_seal, nrook_uturn,
          portal_ice_cave_entry_frozen_things
Temple:   circular_temple_pool_12
Lair:1:   serial_bayou_pond_c, minivault_23, beast_lair_carwin_7
Lair:2:   uniq_gastronok
Lair:3:   minivault_24, infiniplex_staircase_pool
Lair:4:   minmay_snake_entry_guardpost_small, serial_pond, minmay_pond_plants_q,
          minmay_pond_fungi_j, beast_lair_carwin_8, grunt_megastairs_2,
          uniq_erica, uniq_fannar
Lair:5:   minmay_shoals_entry_beasts, st_stairs_3, lemuel_fruit_tree
Lair:6:   slime_altar_1
Lair:7:   beast_lair_carwin_large_4, disabler_island
Lair:8:   grunt_lair_end_beastmaster, st_stairs_8, serial_bayou_shore_a
Shoals:1: nicolae_shoals_kraken_intersection
Shoals:2: st_cyclops, uniq_polyphemus
Shoals:3: centaur_isle
Shoals:4: uniq_saint_roka
Shoals:5: shoals_end_simple, shoal_ilsuiw, ldierk_geyser, uniq_frances,
          uniq_mara
Snake:1:  uniq_aizul, uniq_asterion, uniq_snorg
Snake:2:  basic_altar
Snake:3:  spider_trap
Snake:4:  cheibrodos_snake_lava_hold, basic_altar,
          nrook_guardian_serpent_ordinary, uniq_nikola, uniq_vashnia,
          uniq_donald
Snake:5:  grunt_snake_rune_pools, serial_shops, shop
Slime:1:  basic_altar
Slime:4:  cheibrodos_slime_lost_civilization_7
Orc:1:    serial_shops, nicolae_shop_behind_doors
Orc:2:    basic_altar
Orc:3:    special_room, nicolae_orc_pool_cavern
Orc:4:    grunt_orc_tribal_feast, serial_shops, nicolae_shop_stone, basic_altar
Elf:1:    eino_elf_arrival_customs, nicolae_trove_entry_path_of_doom,
          minmay_elf_necromancy, spider_trap
Elf:2:    grunt_ministairs_12
Elf:3:    minmay_elf_hall_spiked, serial_shops, bzr_entry_customers,
          abandoned_shop, spider_trap, st_stairs_12, basic_stair_grate_trap,
          uniq_kirke
Vaults:1: vaults_room_fancy_cross, v_alt_pattern_5, vaults_room_hallway,
          hangedman_vaults_trim, vaults_mumra_lcd, hangedman_vaults_river_flow,
          v_misc_29, ontoclasm_vaults_twist, v_misc_26, hangedman_vaults_nails,
          grunt_vaults_hallway_short, serial_shops, nicolae_shop_stone
Vaults:2: v_misc_5, dpeg_vaults_monster_box, ontoclasm_vaults_bender, v_misc_32,
          v_misc_29, minmay_crypt_entry_vampire_xt,
          nicolae_vaults_disjoint_gnomons, ontoclasm_vaults_fault, st_cells,
          vaults_room_door_ring, v_rooms_3, v_alt_pattern_1,
          ontoclasm_vaults_hangar
Vaults:3: ontoclasm_vaults_decontamination, nicolae_vaults_big_angled_halls,
          vaults_mumra_minichess, nicolae_vaults_little_squares_3,
          nicolae_vaults_diagonal_hallway_6, st_more_cells
Vaults:4: v_rooms_6, nicolae_vaults_big_ls, v_misc_29, v_misc_19, v_misc_10,
          v_misc_5, v_misc_12
Depths:1: roderic_serpentine_path, hell_entry, horrible_house_mu, uniq_sojobo
Depths:2: hangedman_screamer, hell_entry, hangedman_abyss_entry_splay,
          grunt_megastairs_1
Depths:3: hangedman_pleasuredromes, pan_entry, serial_shops, hell_entry,
          abyss_entry
Depths:4: evilmike_diamond_2, abyss_entry, minmay_misc_feat_secret_circle,
          rand_demon_pan_entry_8, hell_entry, serial_sigils_hangedman_gnaw,
          minmay_misc_feat_pillars, spider_trap
Depths:5: grunt_twist_and_shout, hell_entry, serial_shops, shop
Zot:5:    grunt_ministairs_3, lemuel_flame_loot_1
Lab:      labyrinth_spiral, nicolae_lab_do_over, nicolae_lab_t_cross,
          nicolae_lab_statue, lab_hedge
Bazaar:   bazaar_kb_twisted_cavern
Trove:    trove_armour_six_rooms
IceCv:    ice_cave_statue_garden_02
